 Dungeon Sprint DCSS version 0.24-a0-170-gd8427f5 (webtiles) character file.

Game seed: 11160500476956412459

42 Dfrag the Blocker (level 8, -4/82 HPs)
             Began as a Deep Dwarf Fighter on Mar 10, 2019.
             Was a Priest of Makhleb.
             Slain by a jumping spider (5 damage)
             ... in the Dungeon (Sprint VI: "Thunderdome").
             The game lasted 00:02:55 (422 turns).

Dfrag the Blocker (Deep Dwarf Fighter)               Turns: 422, Time: 00:02:55

Health: -4/82      AC:  8    Str: 18    XL:     8   Next: 0%
Magic:  7/7        EV:  8    Int: 11    God:    Makhleb [***...]
Gold:   89         SH: 12    Dex: 14    Spells: 7/7 levels left

rFire    . . .     SeeInvis +   a - +0 war axe
rCold    + . .     Gourm    .   c - +0 shield
rNeg     + + +     Faith    .   b - +0 scale mail
rPois    +         Spirit   .   (no helmet)
rElec    +         Reflect  .   (no cloak)
rCorr    .         Harm     .   (no gloves)
MR       +....     NoTele   +   (no boots)
Stlth    ..........             p - amulet "Keiq" {RegenMP rN+++ Str-5 Dex+4 Stlth+}
HPRegen  0.00/turn              r - ring "Limyt" {Int+3 SInv}
MPRegen  0.35/turn              q - ring "Litwaur" {rElec rPois rC+ Stlth-}

@: non-regenerating
A: damage resistance, heal wounds, talons 1, clumsy 1, sense surroundings 1, no
regeneration
a: Heal Wounds, Minor Destruction, Lesser Servant of Makhleb, Renounce Religion


You were in the Dungeon.
You worshipped Makhleb.
Makhleb was most pleased with you.
You were not hungry.

You visited 1 branch You collected 280 gold pieces.
You spent 191 gold pieces at shops.

Inventory:

Hand Weapons
 a - a +0 war axe (weapon)
Armour
 b - a +0 scale mail (worn)
 c - a +0 shield (worn)
Jewellery
 p - the amulet "Keiq" (around neck) {RegenMP rN+++ Str-5 Dex+4 Stlth+}
   (You bought it in a shop in the Dungeon)

   [amulet of magic regeneration]

   It increases your magic regeneration.
   It affects your strength (-5).
   It affects your dexterity (+4).
   It renders you almost immune to negative energy.
   It makes you more stealthy.
 q - the ring "Litwaur" (right hand) {rElec rPois rC+ Stlth-}
   (You bought it in a shop in the Dungeon)

   [ring of attention]

   It protects you from cold.
   It insulates you from electricity.
   It protects you from poison.
   It makes you less stealthy.
 r - the ring "Limyt" (left hand) {Int+3 SInv}
   (You bought it in a shop in the Dungeon)

   [ring of see invisible]

   It affects your intelligence (+3).
   It lets you see invisible.
Wands
 l - a wand of acid (3)
Scrolls
 k - 4 scrolls of blinking
 n - 3 scrolls of fog
Potions
 d - a potion of might
 e - 2 potions of curing
 g - 4 potions of heal wounds
 h - 4 potions of haste
 i - 2 potions of magic
 j - a potion of berserk rage
 o - a potion of resistance
Comestibles
 f - a ration
 s - 2 chunks of flesh


   Skills:
 + Level 8.5 Fighting
 + Level 9.8 Axes
 + Level 10.1 Armour
 + Level 10.1 Shields


You had 7 spell levels left.
You didn't know any spells.
Your spell library was empty.

Dungeon Overview and Level Annotations

Branches:
Dungeon (1/1)

Altars:
Cheibriados
Dithmenos
Fedhas
Gozag
Kikubaaqudgha
Makhleb
Okawaru
Qazlal
Ru
Sif Muna
Trog
Uskayaw
Vehumet
Wu Jian
Xom
Yredelemnul
Zin
The Shining One
Beogh
Jiyva
Lugonu

Shops:
D *[%??*?*:[((!!!!


Innate Abilities, Weirdness & Mutations

You are resistant to damage.
You can heal yourself by infusing magical energy.
You passively map a small area around you.
You do not regenerate.
You have sharp toenails.
You are clumsy. (Dex -2)


Message History

You block the jumping spider's attack. The jumping spider bites you.
Your shield and scale mail prevent you from hitting the jumping spider.
The jumping spider is almost dead.
You block the jumping spider's attack. x3
The jumping spider bites you but does no damage.
You closely miss the jumping spider.
The jumping spider is almost dead.
The jumping spider pounces on you.
* * * LOW HITPOINT WARNING * * *
You are caught in a web!
The jumping spider bites you but does no damage.
Unknown command.
The web tears apart.
The jumping spider pounces on you.
You are caught in a web!
The jumping spider bites you. The jumping spider pounces on you!
* * * LOW HITPOINT WARNING * * *
The jumping spider bites you but does no damage.
Unknown command.
The web tears apart.
The jumping spider pounces on you.
You die...

##⌠⌠⌠## #.....# ##.....##
##∩.....∩## #∩.......∩#
#_......._# #_......._#
#_.s....._# ###.†.@.....###
#†...........⌠#
######÷8.........8.######
##∩__.......###......_._∩##
###∩........8.# #.8........∩###
##.)...........###.............#
#⌠..........###...###..........⌠
#⌠.....[....# #.<.# #..........⌠
#⌠.........÷###...###..........⌠


You could see a jumping spider.

Vanquished Creatures
  2 jumping spiders (D)
  Sigmund (D)
  A porcupine (D)
  An ice beast (D)
  An ogre (D)
  3 scorpions (D)
  An orc (D)
  2 quokkas (D)
  A ball python (D)
  A rat (D)
14 creatures vanquished.

Notes
Turn   | Place    | Note
-------+----------+-------------------------------------------
     0 | D        | Dfrag the Deep Dwarf Fighter began the quest for the Orb.
     0 | D        | Reached XP level 1. HP: 20/20 MP: 1/1
     1 | D        | Found a shadowy altar of Dithmenos.
     1 | D        | Found a blossoming altar of Fedhas.
     2 | D        | Found an iron altar of Okawaru.
     2 | D        | Found a burning altar of Makhleb.
     3 | D        | Found a corrupted altar of Lugonu.
     3 | D        | Found an ancient bone altar of Kikubaaqudgha.
     4 | D        | Found a basalt altar of Yredelemnul.
     4 | D        | Found a stormy altar of Qazlal.
     4 | D        | Found Pecsomil's Premium Goods.
     4 | D        | Found Iluaj's Weapon Rack.
     5 | D        | Found Pouph's Miscellaneous Merchandise.
     5 | D        | Found Wadukag's Basic Armour.
     5 | D        | Round 1.
    12 | D        | Became a worshipper of Makhleb the Destroyer
    18 | D        | Found a sacrificial altar of Ru.
    18 | D        | Found Piptogg's Identification Station.
    18 | D        | Found Okladghott's Advanced Armour.
    19 | D        | Found Denil's Jewellery.
    23 | D        | Found Veuxtuf's Delicious Food.
    23 | D        | Found a bloodstained altar of Trog.
    23 | D        | Found a deep blue altar of Sif Muna.
    29 | D        | Noticed an ogre
    31 | D        | Bought a coiled bronze amulet for 45 gold pieces
    31 | D        | Bought a sparkling turquoise ring for 45 gold pieces
    31 | D        | Bought a vibrating granite ring for 45 gold pieces
    31 | D        | Identified the amulet "Keiq" {RegenMP rN+++ Str-5 Dex+4
                  | Stlth+} (You bought it in a shop in the Dungeon)
    32 | D        | Identified the ring "Limyt" {Int+3 SInv} (You bought it in
                  | a shop in the Dungeon)
    35 | D        | Killed an ogre
    35 | D        | Reached skill level 5 in Axes
    35 | D        | Reached skill level 5 in Armour
    35 | D        | Reached skill level 5 in Shields
    35 | D        | Reached XP level 2. HP: 7/31 MP: 2/2
    35 | D        | Reached XP level 3. HP: 9/37 MP: 3/3
    35 | D        | Reached XP level 4. HP: 11/45 MP: 4/4
    35 | D        | Noticed Sigmund
    36 | D        | Identified the ring "Litwaur" {rElec rPois rC+ Stlth-} (You
                  | bought it in a shop in the Dungeon)
    41 | D        | Found a shimmering altar of Xom.
    46 | D        | Killed Sigmund
    46 | D        | Reached XP level 5. HP: 7/55 MP: 5/5
    89 | D        | Reached * piety under Makhleb
    90 | D        | Found an ornate altar of the Wu Jian Council.
    91 | D        | Found a roughly hewn altar of Beogh.
    97 | D        | Found Cetsoff's Magic Scroll Shop.
    99 | D        | Found Ibrohapo's Magic Scroll Shop.
    99 | D        | Found Xaenod's Must-Have Magic.
   101 | D        | Found a glowing golden altar of the Shining One.
   101 | D        | Found a hide-covered altar of Uskayaw.
   101 | D        | Found a viscous altar of Jiyva.
   101 | D        | Found Puohol's Staff Store.
   138 | D        | Found a radiant altar of Vehumet.
   157 | D        | Noticed an ice beast
   172 | D        | Killed an ice beast
   172 | D        | Arena points: 12 (+12) [x2]
   172 | D        | Reached XP level 6. HP: 49/63 MP: 6/6
   179 | D        | Found a glowing silver altar of Zin.
   179 | D        | Found Ycacril's Distillery.
   179 | D        | Found Far Cysyg's Distillery.
   180 | D        | Found Gedifan's Bottled Wisdom.
   184 | D        | Found Wedenwusko's Do-It-Yourself Clinic.
   184 | D        | Found a snail-covered altar of Cheibriados.
   184 | D        | Found an opulent altar of Gozag.
   188 | D        | Bought a potion of mutation for 56 gold pieces
   188 | D        | Gained mutation: You are clumsy. (Dex -2) [potion of
                  | mutation]
   188 | D        | Gained mutation: You have sharp toenails. [potion of
                  | mutation]
   199 | D        | Round 2.
   230 | D        | Reached ** piety under Makhleb
   262 | D        | Noticed a porcupine
   268 | D        | Killed a porcupine
   268 | D        | Arena points: 42 (+30) [x3]
   283 | D        | Round 3.
   292 | D        | Noticed a jumping spider
   296 | D        | Killed a jumping spider
   296 | D        | Reached XP level 7. HP: 69/73 MP: 7/7
   296 | D        | Noticed a jumping spider
   304 | D        | Reached *** piety under Makhleb
   318 | D        | Killed a jumping spider
   318 | D        | Reached skill level 10 in Armour
   318 | D        | Reached skill level 10 in Shields
   392 | D        | Reached XP level 8. HP: 41/82 MP: 8/8
   394 | D        | Noticed a jumping spider
   421 | D        | HP: 1/82 [jumping spider (9)]
   422 | D        | Slain by a jumping spider

Levels and vault maps discovered:
D:        arena_sprint

Skill      XL: |  1  2  3  4  5  6  7 |
---------------+----------------------+-----
Fighting       | 4 6 7 8 |  8.5
Axes           | 5 6 7 9 |  9.8
Armour         | 5 7 8 9 10 | 10.1
Shields        | 5 7 8 9 10 | 10.1

Action                   |  1- 3 |  4- 6 |  7- 9 || total
-------------------------+-------+-------+-------++-------
Melee: War axe           |     3 |    26 |    28 ||    57
       Kick              |       |     2 |     9 ||    11
 Abil: Heal Wounds       |       |     1 |     1 ||     2
Evoke: Wand              |       |     4 |     3 ||     7
  Use: Potion            |       |     1 |       ||     1
Armor: Scale mail        |       |     8 |    19 ||    27
Dodge: Dodged            |       |     5 |    17 ||    22
Block: Shield            |     1 |    12 |    40 ||    53

Table legend:
 A = Non-vault XP
 B = Vault XP
 C = Vault XP percentage of total XP
 D = Non-vault monster count
 E = Vault monster count
 F = Vault count percentage of total count
                 A         B        C        D         E       F
            +---------+---------+-------+---------+---------+-------
      Total |    1431 |       0 |   0.0 |      14 |       0 |   0.0
            +---------+---------+-------+---------+---------+-------
          D |    1431 |       0 |   0.0 |      14 |       0 |   0.0
            +---------+---------+-------+---------+---------+-------
